 Dungeon Crawl Stone Soup version 0.22-a0-580-gd5db89c (webtiles) character file.

5 theanonym the Magician (level 1, 0/13 HPs)
             Began as a Mummy Enchanter on July 3, 2018.
             Slain by a jackal (2 damage)
             ... on level 1 of the Dungeon.
             The game lasted 00:00:29 (307 turns).

theanonym the Magician (Mummy Enchanter)             Turns: 307, Time: 00:00:30

Health: 0/13       AC:  2    Str: 11    XL:     1   Next: 66%
Magic:  4/4        EV: 12    Int: 14    God:
Gold:   0          SH:  0    Dex: 12    Spells: 4/5 levels left

rFire    x . .     SeeInvis .   d - +0 club
rCold    + . .     Gourm    .   (no shield)
rNeg     + + +     Faith    .   b - +0 robe
rPois    ∞         Spirit   .   (no helmet)
rElec    .         Reflect  .   (no cloak)
rCorr    .         Harm     .   (no gloves)
MR       .....                  (no boots)
Stlth    ++........             (no amulet)
HPRegen  0.04/turn              (no ring)
MPRegen  0.09/turn              (no ring)

@: no status effects
A: no food or potions, fire vulnerability, cold resistance 1, negative energy
resistance 3, torment resistance, unbreathing
a: no special abilities


Innate Abilities, Weirdness & Mutations

You do not eat or drink.
Your flesh is vulnerable to fire.
You are immune to poison.
Your flesh is cold resistant. (rC+)
You are immune to negative energy. (rN+++)
You are immune to unholy pain and torment.
You can survive without breathing.


   Skills:
 + Level 0.0 Fighting
 - Level 0.9 Short Blades
 * Level 0.0 Maces & Flails
 - Level 1.6 Dodging
 - Level 2.5 Stealth
 - Level 2.8 Spellcasting
 - Level 2.7 Hexes


You had 4 spell levels left.
You knew the following spells:

 Your Spells              Type           Power        Failure   Level  Hunger
a - Corona                Hex            #......      7%          1    N/A

Your spell library contained the following spells:

 Spells                   Type           Power        Failure   Level  Hunger
 Confuse                  Hex            #.......     22%         3    N/A
 Tukima's Dance           Hex            #.......     22%         3    N/A
 Ensorcelled Hibernation  Hex/Ice        #.....       19%         2    N/A
 Dazzling Spray           Conj/Hex       #.....       36%         3    N/A

Action                   || total
-------------------------++-------
Melee: Dagger            ||    14
       Club              ||    12
Armor: Robe              ||     2
Dodge: Dodged            ||    18

Inventory:

Hand Weapons
 a - a +1 dagger
 d - a +0 club (weapon)
   (You took it off a hobgoblin on level 1 of the Dungeon)
Armour
 b - a +0 robe (worn)
Scrolls
 c - a scroll of identify {unknown}


You were on level 1 of the Dungeon.
You were not hungry.

You visited 1 branch of the dungeon, and saw 1 of its levels.

Dungeon Overview and Level Annotations

Branches:
Dungeon (1/15)

Altars:

..♣♣♣ ...# ##. ...♣♣♣...# . ..#
..P.♣♣$.# ....##. #.# ..P♣♣P.#
#.#.#.. #.#(###.P♣♣..#
##.#.#.#####.#......♣P..#######
...#.#.#...#.#####..♣..........
.....#.#.#.#....@hh...........#
#....#.#.......####..#........#
#....#....####.# #.##.P......#
#...........##.# #.#.PP♣P....#
###.###..##.##.# #.#P.P♣♣P####
.........##.##.# #.#..♣ .#
###.##......##.# #.#..P .
#.##.>....##.# #..... .#
###.##.........# #..


You could see 2 jackals.

Notes
Turn   | Place    | Note
-------+----------+-------------------------------------------
     0 | D:1      | theanonym the Mummy Enchanter began the quest for the Orb.
     0 | D:1      | Reached XP level 1. HP: 13/13 MP: 4/4
    32 | D:1      | HP: 6/13 [hobgoblin/club (3)]
   302 | D:1      | HP: 5/13 [jackal (3)]
   306 | D:1      | HP: 2/13 [jackal (2)]
   307 | D:1      | Slain by a jackal

Vanquished Creatures
  A goblin (D:1)
  2 hobgoblins (D:1)
  2 frilled lizards (D:1)
5 creatures vanquished.

Table legend:
 A = Turns spent in this place as a percentage of turns spent in the entire game.
 B = Non-inter-level travel turns spent in this place as a percentage of non-inter-level travel turns spent in the entire game.
 C = Inter-level travel turns spent in this place as a percentage of turns spent in this place.
 D = Turns resting spent in this place as a percentage of non-inter-level travel turns spent in this place.
 E = Turns spent auto-exploring this place as a percentage of non-inter-level travel turns spent in this place.
 F = Non-inter-level travel turns spent in this place divided by the number of levels of this place that you've seen.
                   A       B       C       D       E      F
               +-------+-------+-------+-------+-------+----------------------
         Total | 100.0 | 100.0 |   0.0 |  69.7 |  14.3 | 307.0
       Dungeon | 100.0 | 100.0 |   0.0 |  69.7 |  14.3 | 307.0
               +-------+-------+-------+-------+-------+----------------------
